[Event "FIDE Open A - Konik"]
[Site "?"]
[Date "2013.04.29"]
[Round "1.1"]
[White "Ockay, Tomás"]
[Black "Krejcí, Jan"]
[Result "0-1"]
[ECO "E67"]
[WhiteElo "2146"]
[BlackElo "2491"]
[PlyCount "100"]
[EventDate "2013.??.??"]
[TimeControl "6000+785"]
[WhiteClock "0:21:31"]
[BlackClock "1:27:56"]

1. Nf3 g6 2. g3 Bg7 3. d4 Nf6 4. Bg2 O-O 5. O-O d6 6. c4 Nbd7 7. Nc3 e5 8. Bg5
h6 9. Bxf6 Qxf6 10. Nd5 Qd8 11. e4 c6 12. Nc3 exd4 13. Nxd4 Ne5 14. b3 a5 15.
Rc1 Qb6 16. Nde2 Bg4 17. h3 Bf3 18. Bxf3 Nxf3+ 19. Kg2 Ne5 20. f4 Nd7 21. Qxd6
Rfd8 22. Qd2 Nc5 23. Qc2 a4 24. Nxa4 Nxa4 25. bxa4 Qb4 26. Rfd1 Rxd1 27. Qxd1
Rxa4 28. Rc2 Ra3 29. Qd2 Qe7 30. e5 Bf8 31. Nc3 h5 32. Ne4 h4 33. Qd6 Qxd6 34.
exd6 f5 35. d7 Be7 36. Nc5 Rxg3+ 37. Kh2 b6 38. Re2 Kf7 39. Nb7 Rd3 40. Rb2
Rxd7 41. Rxb6 Rd2+ 42. Kg1 Rxa2 43. Rxc6 Ra3 44. Nd6+ Bxd6 45. Rxd6 Rxh3 46.
Kg2 Rg3+ 47. Kf2 Rc3 48. Rd7+ Ke6 49. Rd4 Rc2+ 50. Kf1 Kf6 0-1

[Event "FIDE Open A - Konik"]
[Site "?"]
[Date "2013.04.29"]
[Round "1.2"]
[White "Plát, Vojtech"]
[Black "Rakús, Pavel"]
[Result "1-0"]
[ECO "A46"]
[WhiteElo "2463"]
[BlackElo "2144"]
[PlyCount "45"]
[EventDate "2013.??.??"]
[TimeControl "6000+1115"]
[WhiteClock "1:22:18"]
[BlackClock "0:29:01"]

1. d4 Nf6 2. Nf3 e6 3. g3 b6 4. Bg2 Bb7 5. O-O Be7 6. c4 d5 7. Ne5 O-O 8. Nc3
Nbd7 9. Qa4 Nxe5 10. dxe5 Ne4 11. Nxe4 dxe4 12. Rd1 Qe8 13. Qc2 Qc6 14. Rd4 Qc5
15. Rd7 Rfd8 16. Be3 Qxe5 17. Bf4 Qf6 18. Rxc7 Rab8 19. Bxe4 Bxe4 20. Qxe4 Qxb2
21. Be5 Qa3 22. Qg4 g6 23. c5 1-0

[Event "FIDE Open A - Konik"]
[Site "?"]
[Date "2013.04.29"]
[Round "1.3"]
[White "Koláø, Stanislav"]
[Black "Simantsev, Mikhail"]
[Result "0-1"]
[ECO "B43"]
[WhiteElo "2139"]
[BlackElo "2449"]
[PlyCount "98"]
[EventDate "2013.??.??"]
[TimeControl "6000+1060"]
[WhiteClock "0:15:12"]
[BlackClock "0:34:57"]

1. e4 c5 2. Nf3 e6 3. Nc3 a6 4. d4 cxd4 5. Nxd4 b5 6. Bd3 Qb6 7. Nf3 Qc7 8. O-O
Bb7 9. Re1 Be7 10. a3 Nf6 11. Bg5 d6 12. h3 Nbd7 13. Qe2 O-O 14. Rad1 Rac8 15.
Nh2 Ne5 16. Ng4 Nfxg4 17. Bxe7 Nxf2 18. Bxf8 Nxd1 19. Rxd1 Rxf8 20. Nb1 Rc8 21.
a4 bxa4 22. Kh1 Qb6 23. c3 a5 24. Rd2 h6 25. Na3 Qc5 26. Bb5 d5 27. exd5 Bxd5
28. Bxa4 Ng6 29. Rd4 e5 30. Rg4 Be6 31. Rg3 Nf4 32. Qe3 Nh5 33. Rf3 e4 34. Qxc5
Rxc5 35. Re3 f5 36. Bc2 f4 37. Rxe4 Ng3+ 38. Kg1 Nxe4 39. Bxe4 Re5 40. Bf3 Re1+
41. Kf2 Ra1 42. Ke2 Ra2 43. Kd3 Rxb2 44. Kd4 a4 45. c4 Rb3 46. Nc2 a3 47. c5 a2
48. c6 Rb2 49. Na1 Rb1 0-1

[Event "FIDE Open A - Konik"]
[Site "?"]
[Date "2013.04.29"]
[Round "1.4"]
[White "Khaetsky, Roman"]
[Black "Lys, Josef"]
[Result "1/2-1/2"]
[ECO "C62"]
[WhiteElo "2426"]
[BlackElo "2137"]
[PlyCount "136"]
[EventDate "2013.??.??"]
[TimeControl "6000+780"]
[WhiteClock "0:06:16"]
[BlackClock "0:01:41"]

1. e4 e5 2. Nf3 Nc6 3. Bb5 d6 4. d4 exd4 5. Nxd4 Bd7 6. Bxc6 bxc6 7. O-O g6 8.
Nc3 Bg7 9. Re1 Ne7 10. Bg5 O-O 11. Qd3 h6 12. Bh4 g5 13. Bg3 Ng6 14. Rad1 Rb8
15. Nf5 Bxf5 16. exf5 Ne5 17. Bxe5 Bxe5 18. Qc4 Qf6 19. Qxc6 Qxf5 20. Nd5 Kg7
21. b3 h5 22. c4 h4 23. h3 a5 24. Ne3 Qc8 25. Ng4 f6 26. c5 Rf7 27. Rd5 Qb7 28.
Qxb7 Rxb7 29. cxd6 Bxd6 30. Re6 a4 31. Rd3 Rb5 32. Kf1 axb3 33. axb3 Rf8 34.
Re1 Ra8 35. Rf3 f5 36. Ne3 Kf6 37. Nc4 Bb4 38. Rd1 Ra2 39. Ne3 Ke6 40. Rc1 Bd6
41. Nc4 Bb4 42. Re3+ Kf6 43. Rd3 Bc5 44. Ne3 Bb6 45. Rc6+ Kf7 46. Rc2 Rxc2 47.
Nxc2 Ke6 48. Rc3 Kd5 49. Ke2 f4 50. Kf3 Rc5 51. Nb4+ Kd4 52. Rd3+ Ke5 53. Rd8
Rc3+ 54. Nd3+ Ke6 55. Ke4 Rxb3 56. Rd5 Ra3 57. Rxg5 Ra4+ 58. Kf3 Ra3 59. Ke2
Ra2+ 60. Kd1 Bxf2 61. Nxf4+ Kf6 62. Rg4 Kf5 63. Nd5 c5 64. Nc3 Ra3 65. Ne4 Bd4
66. Rxh4 Ra1+ 67. Ke2 Ra2+ 68. Kd3 Rxg2 1/2-1/2

[Event "FIDE Open A - Konik"]
[Site "?"]
[Date "2013.04.29"]
[Round "1.5"]
[White "Szotkowski, Jakub"]
[Black "Kociscak, Jiri"]
[Result "0-1"]
[ECO "A05"]
[WhiteElo "2135"]
[BlackElo "2424"]
[PlyCount "50"]
[EventDate "2013.??.??"]
[TimeControl "6000+635"]
[WhiteClock "0:18:11"]
[BlackClock "0:44:29"]

1. Nf3 Nf6 2. g3 d5 3. c4 d4 4. d3 Nc6 5. Bg2 e5 6. O-O Nd7 7. e3 Be7 8. exd4
exd4 9. Bf4 O-O 10. Na3 Nc5 11. Re1 Bf5 12. Ne5 Nb4 13. g4 Ncxd3 14. gxf5 Nxf4
15. Bxb7 Rb8 16. Qf3 Bd6 17. Kh1 Qh4 18. f6 g6 19. Ng4 Rxb7 20. c5 Nbd3 21.
cxd6 Qxg4 22. Qxg4 Nxf2+ 23. Kg1 Nxg4 24. Re4 g5 25. h4 Rxb2 0-1

[Event "FIDE Open A - Konik"]
[Site "?"]
[Date "2013.04.29"]
[Round "1.6"]
[White "Zwardon, Vojtech"]
[Black "Nguyen, Thai Dai Van"]
[Result "1/2-1/2"]
[ECO "A20"]
[WhiteElo "2417"]
[BlackElo "2132"]
[PlyCount "119"]
[EventDate "2013.??.??"]
[TimeControl "6000+810"]
[WhiteClock "0:32:01"]
[BlackClock "0:01:54"]

1. c4 e5 2. g3 Nf6 3. Bg2 d5 4. cxd5 Nxd5 5. Nf3 Nc6 6. O-O Be7 7. d4 e4 8. Ne5
Nxe5 9. dxe5 f5 10. exf6 Nxf6 11. Qb3 Qd7 12. Nc3 Qc6 13. Bf4 a6 14. Nxe4 Nxe4
15. Rac1 Bc5 16. Bxe4 Qxe4 17. Rxc5 Be6 18. Qc3 O-O 19. Re5 Qg6 20. Rg5 Qf6 21.
Qxc7 Bf5 22. e4 Bh3 23. Rb1 h6 24. Rh5 Bg4 25. Rd5 Qg6 26. Qc4 Be6 27. Rd6 Rf6
28. Qc1 Raf8 29. Qe3 Rxf4 30. Rxe6 Qxe6 31. gxf4 Qg4+ 32. Kf1 Rxf4 33. Re1 Rf3
34. Qd4 Qf4 35. Ke2 Qg4 36. Kf1 Qf4 37. Kg2 Rh3 38. Kf1 Rxh2 39. Ke2 Rh4 40.
Kd1 Rh2 41. Rg1 Qf3+ 42. Ke1 Rg2 43. Qd5+ Kh8 44. Rxg2 Qxg2 45. Qxb7 Qg1+ 46.
Ke2 Qg4+ 47. Ke3 Qg5+ 48. Kd3 Qc1 49. Qb4 Qb1+ 50. Kd4 Qxa2 51. e5 Qf7 52. Ke3
Kg8 53. f4 Qe6 54. Qb8+ Kf7 55. Qb7+ Kg8 56. Kd4 h5 57. Qb8+ Kf7 58. Qc7+ Kf8
59. b4 g6 60. Qd8+ 1/2-1/2

[Event "FIDE Open A - Konik"]
[Site "?"]
[Date "2013.04.29"]
[Round "1.7"]
[White "Kubík, Michael"]
[Black "Berzinsh, Roland"]
[Result "0-1"]
[ECO "B27"]
[WhiteElo "2111"]
[BlackElo "2411"]
[PlyCount "102"]
[EventDate "2013.??.??"]
[TimeControl "6000+850"]
[WhiteClock "0:21:46"]
[BlackClock "0:28:50"]

1. e4 c5 2. Nf3 b6 3. d4 cxd4 4. Nxd4 Bb7 5. Nc3 a6 6. Bd3 g6 7. O-O Bg7 8. Be3
d6 9. f4 Nd7 10. Kh1 Ngf6 11. Qe2 O-O 12. Rad1 Qc7 13. Bg1 e6 14. Rde1 Nc5 15.
Nb3 Nfd7 16. Bd4 e5 17. fxe5 dxe5 18. Bxc5 Nxc5 19. Bc4 Ne6 20. Nd5 Bxd5 21.
Bxd5 Nf4 22. Rxf4 exf4 23. Bxa8 Rxa8 24. c3 b5 25. Rd1 Re8 26. Qd3 Qe7 27. Kg1
Bf6 28. Qf3 Qxe4 29. Qxe4 Rxe4 30. Kf2 b4 31. Nc5 Rc4 32. cxb4 Rxb4 33. Nd3 Ra4
34. a3 Rc4 35. Rd2 a5 36. Kf3 Rd4 37. Ke2 a4 38. Kf3 Kg7 39. h3 h5 40. Ke2 g5
41. Nc5 Rxd2+ 42. Kxd2 Bxb2 43. Nxa4 Bxa3 44. Ke2 f5 45. Nc3 Kf6 46. Nd5+ Ke5
47. Nc7 Bb2 48. Ne8 Kd5 49. Nc7+ Kd6 50. Na6 Ba3 51. Kf3 h4 0-1

[Event "FIDE Open A - Konik"]
[Site "?"]
[Date "2013.04.29"]
[Round "1.8"]
[White "Hausner, Ivan"]
[Black "Záleský, Karel"]
[Result "1-0"]
[ECO "A28"]
[WhiteElo "2395"]
[BlackElo "2100"]
[PlyCount "105"]
[EventDate "2013.??.??"]
[TimeControl "6000+1185"]
[WhiteClock "1:40:53"]
[BlackClock "0:01:48"]

1. c4 e5 2. Nc3 Nc6 3. Nf3 Nf6 4. d4 exd4 5. Nxd4 Bb4 6. g3 O-O 7. Bg2 Nxd4 8.
Qxd4 Re8 9. O-O Bd6 10. Bf4 Bxf4 11. Qxf4 d6 12. Rad1 Qe7 13. Rd3 a6 14. Re3
Qf8 15. Rd1 Rb8 16. Rxe8 Nxe8 17. c5 Be6 18. cxd6 Nxd6 19. e4 Rd8 20. Qh4 f6
21. Bh3 Bxh3 22. Qxh3 Qe8 23. Qg4 c6 24. h4 h5 25. Qe2 g6 26. Qc2 Kg7 27. a4
Nf7 28. a5 Ne5 29. Kg2 Qe7 30. Qb3 Rxd1 31. Nxd1 Qd7 32. Ne3 Qd4 33. Qxb7+ Kh6
34. Qxa6 Qxe4+ 35. Kg1 Qb1+ 36. Qf1 Qxb2 37. a6 Qa2 38. Kg2 Kg7 39. Kg1 Nf3+
40. Kh1 Nd4 41. Kg2 Nb5 42. Qd3 Qxa6 43. Qd7+ Kf8 44. Qe6 Qa1 45. Qxc6 Na7 46.
Qd6+ Kf7 47. Qd7+ Kg8 48. Qe8+ Kg7 49. Qe7+ Kh6 50. Qf8+ Kh7 51. Nd5 g5 52.
Qf7+ Kh6 53. Ne7 1-0

[Event "FIDE Open A - Konik"]
[Site "?"]
[Date "2013.04.29"]
[Round "1.9"]
[White "Mareèková, Martina"]
[Black "Plischki, Sebastian"]
[Result "0-1"]
[ECO "B23"]
[WhiteElo "2095"]
[BlackElo "2389"]
[PlyCount "100"]
[EventDate "2013.??.??"]
[TimeControl "6000+1000"]
[WhiteClock "0:02:26"]
[BlackClock "0:17:37"]

1. e4 c5 2. Nc3 d6 3. g3 Nc6 4. Bg2 g6 5. f4 Bg7 6. Nf3 e6 7. O-O Nge7 8. Kh1
O-O 9. Ne2 f5 10. d3 Qd7 11. c3 b6 12. Be3 Ba6 13. Qc2 Rae8 14. Rad1 h6 15.
Rfe1 Kh7 16. d4 fxe4 17. Qxe4 c4 18. Nh4 Bb7 19. Ng1 Nd8 20. Qc2 Bxg2+ 21. Qxg2
Nd5 22. Nhf3 b5 23. Nd2 Nc6 24. Ngf3 Nce7 25. a3 Nc8 26. Ne4 Ncb6 27. Bg1 a5
28. Ra1 Kg8 29. Qc2 g5 30. Be3 Nxe3 31. Rxe3 Nd5 32. Nexg5 hxg5 33. Nxg5 Rf5
34. Re2 e5 35. Rae1 Ref8 36. dxe5 dxe5 37. g4 Rxg5 38. fxg5 Qxg4 39. Rg2 Qh4
40. Qe4 Rf1+ 41. Rg1 Rxg1+ 42. Kxg1 Qxg5+ 43. Kh1 Nf4 44. Rg1 Qe7 45. a4 bxa4
46. Qxc4+ Qe6 47. Qxe6+ Nxe6 48. Rd1 e4 49. Rd5 e3 50. Kg1 a3 0-1

[Event "FIDE Open A - Konik"]
[Site "?"]
[Date "2013.04.29"]
[Round "1.10"]
[White "Heinzel, Olaf"]
[Black "Leks, Maria"]
[Result "1/2-1/2"]
[ECO "D00"]
[WhiteElo "2371"]
[BlackElo "2091"]
[PlyCount "54"]
[EventDate "2013.??.??"]
[TimeControl "6000+1545"]
[WhiteClock "0:14:30"]
[BlackClock "0:25:35"]

1. d4 d5 2. Bf4 Nf6 3. e3 c6 4. Nf3 Qb6 5. Nbd2 Bg4 6. Bd3 e6 7. h3 Bh5 8. O-O
Nbd7 9. c4 Bxf3 10. Nxf3 dxc4 11. Bxc4 Qxb2 12. Rb1 Qc3 13. Qe2 Nb6 14. Bb3 Be7
15. e4 Qa5 16. Ne5 Rd8 17. Rfd1 O-O 18. g4 Nfd7 19. Nf3 Rfe8 20. Bd2 Qa3 21. e5
Nf8 22. Bc1 Qa5 23. Qc2 Nd5 24. Bd2 Qc7 25. Rdc1 Ba3 26. Rd1 Be7 27. Qe4 a5
1/2-1/2

[Event "FIDE Open A - Konik"]
[Site "?"]
[Date "2013.04.29"]
[Round "1.11"]
[White "Šnyta, Zdenìk"]
[Black "Dolezal, Radoslav"]
[Result "0-1"]
[ECO "B15"]
[WhiteElo "2081"]
[BlackElo "2358"]
[PlyCount "84"]
[EventDate "2013.??.??"]
[TimeControl "6000+825"]
[WhiteClock "0:23:19"]
[BlackClock "0:51:52"]

1. e4 c6 2. d4 d5 3. Nc3 g6 4. Nf3 Bg4 5. h3 Bxf3 6. Qxf3 dxe4 7. Qxe4 Nf6 8.
Qf4 Bg7 9. Bc4 O-O 10. Ne2 Nbd7 11. O-O e5 12. dxe5 Nh5 13. Qg5 Nxe5 14. Qxd8
Rfxd8 15. Bb3 c5 16. f4 Nc6 17. c3 Na5 18. g4 Nf6 19. Be3 Rd3 20. Bxc5 Rd2 21.
Ng3 Rxb2 22. Rab1 Nxb3 23. axb3 Rxb1 24. Rxb1 Nd5 25. c4 Nxf4 26. h4 Nd3 27.
Ba3 Ne5 28. Rd1 Nxg4 29. Rd7 b6 30. Ne4 Nf6 31. Re7 Nxe4 32. Rxe4 Bf8 33. Bb2
Rd8 34. Bf6 Rd6 35. Bg5 Re6 36. Rxe6 fxe6 37. Kf2 Kf7 38. Kf3 Be7 39. Bf4 Bxh4
40. b4 a6 41. b5 axb5 42. cxb5 Ke8 0-1

[Event "FIDE Open A - Konik"]
[Site "?"]
[Date "2013.04.29"]
[Round "1.12"]
[White "Michenka, Jozef"]
[Black "Omamík, Pavel"]
[Result "1-0"]
[ECO "E70"]
[WhiteElo "2355"]
[BlackElo "2076"]
[PlyCount "81"]
[EventDate "2013.??.??"]
[TimeControl "6000+1210"]
[WhiteClock "0:29:08"]
[BlackClock "0:01:08"]

1. d4 Nf6 2. c4 g6 3. Nc3 Bg7 4. e4 d6 5. Bd3 O-O 6. Nge2 e5 7. d5 Nbd7 8. O-O
a5 9. Rb1 Ne8 10. a3 f5 11. exf5 gxf5 12. f4 e4 13. Bc2 Qh4 14. Be3 Ndf6 15.
Qe1 Qh6 16. Bd4 c5 17. dxc6 bxc6 18. Na4 Be6 19. b3 c5 20. Bc3 Ra7 21. Qg3 Nh5
22. Qh3 Nef6 23. Rbd1 Rd7 24. Nb6 Rdd8 25. Bxa5 Ng4 26. a4 Rf6 27. Nd5 Rdf8 28.
Nxf6+ Rxf6 29. Rxd6 Rg6 30. Rd8+ Kf7 31. Bxe4 Bf6 32. Rd6 Qg7 33. Qxh5 Ne3 34.
Rf2 Ke7 35. Rxe6+ Kxe6 36. Bd5+ Ke7 37. Qf3 Ng4 38. Rf1 Bd4+ 39. Nxd4 Qxd4+ 40.
Kh1 Nxh2 41. Re1+ 1-0

[Event "FIDE Open A - Konik"]
[Site "?"]
[Date "2013.04.29"]
[Round "1.13"]
[White "Chlevistan, Jakub"]
[Black "Zabystrzan, Pavel"]
[Result "0-1"]
[ECO "A05"]
[WhiteElo "2075"]
[BlackElo "2308"]
[PlyCount "46"]
[EventDate "2013.??.??"]
[TimeControl "6000+885"]
[WhiteClock "0:22:35"]
[BlackClock "0:34:12"]

1. Nf3 Nf6 2. c4 g6 3. d4 c5 4. Nc3 Bg7 5. e4 Qa5 6. Bd2 cxd4 7. b4 Qd8 8. Nxd4
Nxe4 9. Nxe4 Bxd4 10. Bg5 Qb6 11. Rb1 Bg7 12. Qc2 Nc6 13. c5 Nd4 14. cxb6 Nxc2+
15. Kd2 Nd4 16. Re1 Ne6 17. Bc4 Nxg5 18. Nxg5 e6 19. bxa7 Rxa7 20. Rc1 Ke7 21.
Rc2 b6 22. Rhc1 Bb7 23. g3 h6 0-1

[Event "FIDE Open A - Konik"]
[Site "?"]
[Date "2013.04.29"]
[Round "1.14"]
[White "Kutynec, Vladimir"]
[Black "Trombík, Karel"]
[Result "1-0"]
[ECO "A04"]
[WhiteElo "2290"]
[BlackElo "2065"]
[PlyCount "71"]
[EventDate "2013.??.??"]
[TimeControl "6000+570"]
[WhiteClock "0:29:06"]
[BlackClock "0:46:23"]

1. Nf3 b5 2. e4 a6 3. d4 Bb7 4. Bd3 e6 5. O-O c5 6. Re1 cxd4 7. Nxd4 Nc6 8.
Nxc6 Bxc6 9. Be3 Nf6 10. Nd2 d5 11. e5 Nd7 12. f4 g6 13. Nb3 Bb7 14. a4 b4 15.
a5 Qc7 16. Qd2 Rc8 17. Qf2 Be7 18. Re2 h5 19. Bd4 Nc5 20. Nxc5 Bxc5 21. Bxc5
Qxc5 22. Qxc5 Rxc5 23. Ra4 Bc8 24. Re1 Ke7 25. Rea1 Rg8 26. h4 b3 27. cxb3 Rd8
28. Rb4 Rc6 29. Kf2 Kd7 30. Ke3 Kc7 31. Kd2 Bb7 32. Rc1 Rxc1 33. Kxc1 d4 34. g3
Bc8 35. Rb6 Rd5 36. b4 1-0

[Event "FIDE Open A - Konik"]
[Site "?"]
[Date "2013.04.29"]
[Round "1.15"]
[White "Dobeš, Ludìk"]
[Black "Jaworski, Miroslaw"]
[Result "0-1"]
[ECO "E14"]
[WhiteElo "2064"]
[BlackElo "2286"]
[PlyCount "102"]
[EventDate "2013.??.??"]
[TimeControl "6000+750"]
[WhiteClock "0:03:52"]
[BlackClock "0:14:50"]

1. d4 Nf6 2. Nf3 b6 3. c4 e6 4. e3 Bb7 5. Bd3 Be7 6. Nc3 d5 7. O-O dxc4 8. Bxc4
a6 9. a4 Nbd7 10. Qe2 c5 11. Rd1 Qc7 12. Bd2 O-O 13. Ba2 Rac8 14. Rac1 Qb8 15.
Be1 Qa8 16. Bb1 cxd4 17. Rxd4 e5 18. Rh4 e4 19. Ng5 h6 20. Ngxe4 Nxe4 21. Rxe4
Bxe4 22. Bxe4 Qa7 23. Rd1 Nf6 24. Bd3 a5 25. Nb5 Qa8 26. Bc3 Rfd8 27. Bd4 Qb7
28. Bf5 Rc6 29. Qf3 g6 30. Bh3 Qa8 31. g3 Rc1 32. Qe2 Rxd1+ 33. Qxd1 Bc5 34.
Bg2 Qb8 35. Qb3 Bxd4 36. Nxd4 Qd6 37. Bf3 Rc8 38. Qb5 Rc5 39. Qa6 Kg7 40. b3 h5
41. h3 Nd7 42. Qb7 Rc1+ 43. Kg2 Nc5 44. Qa8 Ne6 45. Nxe6+ Qxe6 46. Qb7 Rc2 47.
Qe4 Rd2 48. Qf4 Qf6 49. Be4 Qxf4 50. exf4 f5 51. Bc6 Rd3 0-1

[Event "FIDE Open A - Konik"]
[Site "?"]
[Date "2013.04.29"]
[Round "1.16"]
[White "Holemáø, David"]
[Black "Didi, Jan"]
[Result "1/2-1/2"]
[ECO "D35"]
[WhiteElo "2285"]
[BlackElo "2053"]
[PlyCount "102"]
[EventDate "2013.??.??"]
[TimeControl "6000+1080"]
[WhiteClock "0:26:11"]
[BlackClock "0:24:04"]

1. d4 d5 2. c4 e6 3. cxd5 exd5 4. Nc3 Nf6 5. Bg5 Be7 6. e3 c6 7. Bd3 O-O 8. Qc2
Nbd7 9. Nge2 Re8 10. O-O Nf8 11. Rae1 Ne4 12. Bxe7 Qxe7 13. f3 Nxc3 14. Nxc3
Qd6 15. Qf2 Be6 16. Rd1 Rad8 17. a3 b6 18. Bb1 c5 19. Rfe1 Ng6 20. dxc5 bxc5
21. Nxd5 Bxd5 22. e4 Qe5 23. exd5 Rxd5 24. Bxg6 hxg6 25. Rxd5 Qxe1+ 26. Qxe1
Rxe1+ 27. Kf2 Rb1 28. Rd8+ Kh7 29. Rd2 f5 30. Ke3 g5 31. Kd3 Kg6 32. Rc2 f4 33.
Kc4 g4 34. fxg4 Kg5 35. Kxc5 Kxg4 36. a4 Rh1 37. h3+ Kg3 38. b4 Rg1 39. b5 Rxg2
40. Rxg2+ Kxg2 41. a5 f3 42. b6 axb6+ 43. axb6 f2 44. b7 f1=Q 45. b8=Q Qf5+ 46.
Kc6 g5 47. Qh8 Qxh3 48. Qb2+ Kg3 49. Qe5+ Kh4 50. Qh8+ Kg4 51. Qd4+ Kf3 1/2-1/2

[Event "FIDE Open A - Konik"]
[Site "?"]
[Date "2013.04.29"]
[Round "1.1"]
[White "Dostál, Radim"]
[Black "Malík, Jan"]
[Result "1-0"]
[ECO "B28"]
[WhiteElo "2036"]
[BlackElo "2265"]
[PlyCount "91"]
[EventDate "2013.??.??"]
[TimeControl "6000+1135"]
[WhiteClock "0:29:02"]
[BlackClock "0:08:46"]

1. e4 c5 2. Nf3 a6 3. d4 cxd4 4. Nxd4 Nf6 5. Nc3 e5 6. Nf3 Bb4 7. Bc4 Qc7 8.
Bb3 Bxc3+ 9. bxc3 O-O 10. O-O d6 11. Ba3 Ne8 12. Ng5 h6 13. f4 hxg5 14. fxe5
Be6 15. Bxe6 fxe6 16. Rxf8+ Kxf8 17. Qh5 Qb6+ 18. Kh1 Qb5 19. Qh8+ Ke7 20.
exd6+ Kd8 21. Qf8 Nc6 22. Qf7 Ra7 23. d7 Nf6 24. Rd1 Ra8 25. Qf8+ Kc7 26. Qxa8
Nxd7 27. Qe8 Nf6 28. Qxe6 g4 29. c4 Qh5 30. Qd6+ Kc8 31. e5 Ne4 32. Qf8+ Kc7
33. Bd6+ Kb6 34. Rb1+ Ka7 35. Bc5+ Nxc5 36. Qxc5+ Ka8 37. Qf8+ Ka7 38. Qxg7 Nd8
39. Qc7 Qh4 40. e6 g3 41. Qxg3 Qe7 42. Qe3+ Ka8 43. Rd1 Nc6 44. Rd7 Qf6 45. h3
Ne5 46. e7 1-0

[Event "FIDE Open A - Konik"]
[Site "?"]
[Date "2013.04.29"]
[Round "1.2"]
[White "Firt, Stanislav"]
[Black "Hastík, Svatopluk"]
[Result "1-0"]
[ECO "E90"]
[WhiteElo "2260"]
[BlackElo "2034"]
[PlyCount "71"]
[EventDate "2013.??.??"]
[TimeControl "6000+585"]
[WhiteClock "0:54:06"]
[BlackClock "0:18:51"]

1. e4 g6 2. d4 Bg7 3. c4 d6 4. Nc3 Nf6 5. Nf3 O-O 6. h3 c5 7. d5 a6 8. a4 e6 9.
Bd3 exd5 10. exd5 Re8+ 11. Be3 Nbd7 12. O-O Ne5 13. Nxe5 Rxe5 14. Bf4 Re8 15.
Qd2 b6 16. Rae1 Ra7 17. Rxe8+ Nxe8 18. Ne4 Bf5 19. g4 Bxe4 20. Bxe4 Bd4 21. b4
Ng7 22. Bf3 f5 23. Kg2 Rf7 24. g5 Re7 25. Rb1 Nh5 26. Bxh5 gxh5 27. a5 bxa5 28.
bxa5 Re4 29. Rb6 Be5 30. Bxe5 dxe5 31. g6 Rf4 32. gxh7+ Kh8 33. Qb2 Qg5+ 34.
Kf1 Rd4 35. Rxa6 Kxh7 36. Rc6 1-0

[Event "FIDE Open A - Konik"]
[Site "?"]
[Date "2013.04.29"]
[Round "1.3"]
[White "Zárský, Kamil"]
[Black "Minko, Vladimir"]
[Result "0-1"]
[ECO "D04"]
[WhiteElo "2033"]
[BlackElo "2252"]
[PlyCount "70"]
[EventDate "2013.??.??"]
[TimeControl "6000+465"]
[WhiteClock "0:49:22"]
[BlackClock "0:54:03"]

1. d4 d5 2. Nf3 Nf6 3. e3 c5 4. b3 cxd4 5. exd4 Bg4 6. Be2 Nc6 7. O-O e6 8. h3
Bh5 9. Bb2 Be7 10. Nbd2 O-O 11. g4 Bg6 12. Ne5 Rc8 13. Nxg6 hxg6 14. a3 Qb6 15.
Nf3 Ne4 16. Bd3 f5 17. c4 fxg4 18. hxg4 Rf4 19. Nh2 Nxd4 20. Bxe4 Rxe4 21. cxd5
exd5 22. Re1 Bf6 23. Rxe4 dxe4 24. Rc1 Rxc1 25. Bxc1 Qxb3 26. Qxb3+ Nxb3 27.
Be3 Bd4 28. Nf1 Bxe3 29. Nxe3 Kf7 30. Nc4 Ke6 31. Kf1 Kd5 32. Ne3+ Kd4 33. Ke2
a5 34. g5 b5 35. Ng2 Kc3 0-1

[Event "FIDE Open A - Konik"]
[Site "?"]
[Date "2013.04.29"]
[Round "1.4"]
[White "Obrusnik, Michal"]
[Black "Kuciel, Wladyslaw"]
[Result "1/2-1/2"]
[ECO "D01"]
[WhiteElo "2243"]
[BlackElo "2033"]
[PlyCount "209"]
[EventDate "2013.??.??"]
[TimeControl "6000+1975"]
[WhiteClock "0:01:43"]
[BlackClock "0:08:24"]

1. d4 Nf6 2. Nc3 d5 3. Bg5 Bf5 4. f3 c5 5. e3 Nc6 6. Bb5 e6 7. Nge2 h6 8. Bxf6
Qxf6 9. e4 dxe4 10. fxe4 Bg4 11. d5 O-O-O 12. Qd2 exd5 13. exd5 Nd4 14. O-O-O
Nxb5 15. Nxb5 Qa6 16. Qf4 Qxb5 17. Qxg4+ Qd7 18. Qf3 Be7 19. Rhf1 Rhf8 20. Kb1
f5 21. Nf4 Rf6 22. Ne6 Rg8 23. Qd3 g6 24. Qe3 b6 25. Qxh6 g5 26. Qh3 Kb7 27.
Qd3 f4 28. g3 Bd6 29. Qe4 Rh6 30. gxf4 gxf4 31. Rg1 Re8 32. Rd2 Rh3 33. a3 f3
34. Qf5 Rh7 35. Qxf3 Ree7 36. Rgg2 Qb5 37. Qe4 c4 38. Ka2 Rhf7 39. Rdf2 Ka6 40.
Rxf7 Rxf7 41. Rg4 c3 42. bxc3 Rf2 43. Qa4+ Qxa4 44. Rxa4+ Kb7 45. Kb3 Rxh2 46.
Nd8+ Kc8 47. Nc6 a5 48. Rg4 Rh1 49. Rg8+ Kc7 50. Rg7+ Kc8 51. Na7+ Kb8 52. Nb5
Be5 53. Re7 Bf6 54. Re6 Rf1 55. Rxb6+ Kc8 56. Rc6+ Kd7 57. Rc7+ Kd8 58. Ra7 Rd1
59. d6 Be5 60. Rxa5 Bxd6 61. Nxd6 Rxd6 62. Rc5 Rb6+ 63. Ka2 Kd7 64. c4 Kd6 65.
Rb5 Ra6 66. Kb3 Kc6 67. Kb4 Ra8 68. a4 Rh8 69. a5 Rh1 70. Rb6+ Kc7 71. c5 Rb1+
72. Kc4 Ra1 73. a6 Ra5 74. Kd5 Ra2 75. Rh6 Kb8 76. c4 Ka7 77. Rb6 Rd2+ 78. Kc6
Rh2 79. Kc7 Rh7+ 80. Kc6 Rh1 81. Kb5 Rb1+ 82. Kc6 Rh1 83. Rb7+ Kxa6 84. Rd7 Rc1
85. Rd2 Ra1 86. Kc7 Ra4 87. Rd4 Ra1 88. c6 Rh1 89. Rd8 Rh7+ 90. Rd7 Rh1 91. Kc8
Kb6 92. Rd6 Rh8+ 93. Kd7 Rh7+ 94. Ke6 Kc5 95. Rd5+ Kxc6 96. Rd8 Rc7 97. Rd5 Kb6
98. Rb5+ Kc6 99. Ke5 Rd7 100. Rb8 Kc7 101. Rb5 Kc6 102. Rd5 Rxd5+ 103. cxd5+
Kd7 104. d6 Kd8 105. Kd4 1/2-1/2

[Event "FIDE Open A - Konik"]
[Site "?"]
[Date "2013.04.29"]
[Round "1.5"]
[White "Kubeczka, Ales"]
[Black "Furman, Boris"]
[Result "1/2-1/2"]
[ECO "E33"]
[WhiteElo "2032"]
[BlackElo "2223"]
[PlyCount "42"]
[EventDate "2013.??.??"]
[TimeControl "6000+1530"]
[WhiteClock "0:42:33"]
[BlackClock "0:29:26"]

1. d4 Nf6 2. c4 e6 3. Nc3 Bb4 4. Qc2 Nc6 5. Nf3 d5 6. e3 O-O 7. Bd3 a6 8. O-O
dxc4 9. Bxc4 Bd6 10. Rd1 Qe8 11. Ne4 Nxe4 12. Qxe4 f5 13. Qh4 b5 14. Bxe6+ Qxe6
15. d5 Qe4 16. dxc6 Qxc6 17. Bd2 Bb7 18. Bb4 Bxb4 19. Qxb4 Qg6 20. Qf4 Rae8 21.
Rd7 Bxf3 1/2-1/2

[Event "FIDE Open A - Konik"]
[Site "?"]
[Date "2013.04.29"]
[Round "1.6"]
[White "Orzechowski, Jacek"]
[Black "Karhánek, Pavel"]
[Result "1-0"]
[ECO "A11"]
[WhiteElo "2219"]
[BlackElo "2030"]
[PlyCount "141"]
[EventDate "2013.??.??"]
[TimeControl "6000+910"]
[WhiteClock "0:01:58"]
[BlackClock "0:00:31"]

1. c4 c6 2. e4 e5 3. Nf3 d6 4. d4 Nd7 5. Nc3 Ngf6 6. Be2 Be7 7. O-O O-O 8. Be3
Re8 9. d5 Bf8 10. Ne1 a6 11. Nd3 Qc7 12. Rc1 b6 13. dxc6 Qxc6 14. Nb4 Qc7 15.
Nbd5 Qd8 16. f3 Bb7 17. Qd2 Nxd5 18. Nxd5 Bxd5 19. cxd5 g6 20. Rc6 f5 21. Qc2
f4 22. Bf2 Be7 23. Rc1 b5 24. Qb3 Kh8 25. Qa3 Nc5 26. b4 Na4 27. Be1 Qb8 28.
Bd1 Nb6 29. Bb3 Bd8 30. Bf2 Re7 31. R1c2 Re8 32. Kh1 Rf8 33. Qb2 a5 34. bxa5
Rxa5 35. Qc3 Na4 36. Qb4 Nc5 37. Bxc5 dxc5 38. R6xc5 Bb6 39. Rxb5 Rxb5 40. Qxb5
Qa7 41. d6 Qa5 42. Qxa5 Bxa5 43. Rc5 Bb4 44. Rxe5 Bxd6 45. Rd5 Rd8 46. g3 fxg3
47. hxg3 Bc7 48. Rxd8+ Bxd8 49. f4 Kg7 50. Kg2 h5 51. Kf3 h4 52. gxh4 Bxh4 53.
e5 Kf8 54. a4 Bd8 55. Ke4 Ba5 56. Kd3 Ke7 57. Bd5 Be1 58. Be4 Kf7 59. Kd4 Bd2
60. f5 gxf5 61. Bxf5 Ke7 62. Kc5 Bc3 63. e6 Kd8 64. Kb5 Bf6 65. a5 Kc7 66. a6
Bh4 67. Bg4 Bg5 68. Kc5 Be3+ 69. Kd5 Bg5 70. Ke5 Be7 71. Kf5 1-0

[Event "FIDE Open A - Konik"]
[Site "?"]
[Date "2013.04.29"]
[Round "1.7"]
[White "Miculka, Petr"]
[Black "Kufa, Pavel"]
[Result "0-1"]
[ECO "B01"]
[WhiteElo "2018"]
[BlackElo "2214"]
[PlyCount "54"]
[EventDate "2013.??.??"]
[TimeControl "6000+770"]
[WhiteClock "0:07:02"]
[BlackClock "0:05:36"]

1. e4 d5 2. exd5 Nf6 3. d4 Nxd5 4. Bc4 c6 5. Nf3 Bg4 6. O-O e6 7. Bb3 Bd6 8.
Re1 O-O 9. h3 Bh5 10. c4 Nf6 11. Nc3 Nbd7 12. d5 exd5 13. cxd5 Ne5 14. g4 Nexg4
15. hxg4 Nxg4 16. Qd4 c5 17. Qd3 c4 18. Bxc4 Nxf2 19. Kxf2 Bxf3 20. Kxf3 Qh4
21. Be3 Qh5+ 22. Kg2 Qg4+ 23. Kf1 f5 24. Qe2 Qh4 25. Bf2 Qh3+ 26. Kg1 Rf6 27.
Qd3 Qg4+ 0-1